 Dungeon Crawl Stone Soup version 0.21.1-1-g345015f (webtiles) character file.

1400782 toffzen the Rampant (level 27, 123/219 HPs)
             Began as a Gnoll Berserker on Mar 22, 2018.
             Was an Elder of Trog.
             Escaped with the Orb
             ... and 3 runes on Apr 10, 2018!
             The game lasted 07:36:51 (106624 turns).

toffzen the Rampant (Gnoll Berserker)             Turns: 106624, Time: 07:36:52

Health: 123/219    AC: 34    Str: 27 (28) XL:     27
Magic:  29/44      EV: 18    Int: 22      God:    Trog [****..]
Gold:   3742       SH:  0    Dex: 22      Spells: 61/61 levels left

rFire    + + .     SeeInvis .   a - +11 great mace "Gnoll's Curse" {crush, MR+ Str+4 Dex-2}
rCold    + + +     Gourm    .   (shield currently unavailable)
rNeg     . . .     Faith    .   H - +11 gold dragon scales
rPois    +         Spirit   +   m - +1 hat {MR+}
rElec    +         Reflect  .   I - scarf {rC+ rF+}
rCorr    .         Harm     .   U - +0 pair of gloves of Dimiell {+Inv rElec}
MR       +++++     Rnd*Rage +   h - +1 pair of boots {run}
Stlth    ..........             v - amulet "Xecw" {Spirit rC++ Str-2 Int+4}
HPRegen  0.46/turn              u - ring "Qykleryll" {rPois rC+ Int+2}
MPRegen  0.29/turn              C - ring of Vyitahi {MR++ Int+4}

@: mighty, berserk cooldown, slowed, wreathed by umbra, very slow
A: distributed training, fangs 1, horns 1, icy blue scales 1, berserk 2,
deformed body, deterioration 1, strong nose
0: Orb of Zot
}: 3/15 runes: barnacled, silver, gossamer
a: Berserk, Trog's Hand, Brothers in Arms, Burn Spellbooks, Renounce Religion,
Evoke Invisibility


You escaped.
You worshipped Trog.
Trog was greatly pleased with you.
You were full.

You visited 9 branches of the dungeon, and saw 48 of its levels.

You collected 5405 gold pieces.
You spent 1663 gold pieces at shops.

Inventory:

Hand Weapons
 a - the +11 great mace "Gnoll's Curse" (weapon) {crush, MR+ Str+4 Dex-2}
   (Trog gifted it to you on level 2 of the Orcish Mines)

   It inflicts extra damage upon your enemies.
   It affects your strength (+4).
   It affects your dexterity (-2).
   It affects your resistance to hostile enchantments.
 b - the +11 hand crossbow of Ydol {velocity, rF+ Str+3}
   (You took it off an ironheart preserver on level 4 of the Vaults)

   Any bolt fired from it inflicts extra damage.
   It affects your strength (+3).
   It protects you from fire.
 c - a +0 double sword of holy wrath
Missiles
 d - 1371 stones (quivered)
 s - 1701 bolts
 y - 11 throwing nets
 B - 1152 arrows
Armour
 h - a +1 pair of boots of running (worn)
 m - a +1 hat of magic resistance (worn)
 H - +11 gold dragon scales (worn)
 I - a scarf of resistance (worn)
 T - the +1 pair of gloves of Gluttony {MR+ rCorr MP+9 Str+4}
   (You acquired it on level 2 of the Spider Nest)

   It affects your strength (+4).
   It affects your resistance to hostile enchantments.
   It affects your magic capacity (+9).
   It protects you from acid and corrosion.
 U - the +0 pair of gloves of Dimiell (worn) {+Inv rElec}
   (You took it off Nikola on level 1 of the Depths)

   It insulates you from electricity.
   It lets you turn invisible.
Jewellery
 u - the ring "Qykleryll" (left hand) {rPois rC+ Int+2}
   (You bought it in a shop on level 2 of the Orcish Mines)

   [ring of intelligence]

   It affects your intelligence (+2).
   It protects you from cold.
   It protects you from poison.
 v - the amulet "Xecw" (around neck) {Spirit rC++ Str-2 Int+4}
   (You found it on level 13 of the Dungeon)

   [amulet of guardian spirit]

   It causes incoming damage to be split between your health and magic.
   It affects your strength (-2).
   It affects your intelligence (+4).
   It greatly protects you from cold.
 C - the ring of Vyitahi (right hand) {MR++ Int+4}
   (You took it off a yaktaur captain on level 5 of the Vaults)

   [ring of intelligence]

   It affects your intelligence (+4).
   It affects your resistance to hostile enchantments.
 E - a +3 ring of protection
 S - an uncursed ring of see invisible
Wands
 N - a wand of iceblast (26)
 Q - a wand of flame (34)
 V - a wand of digging (10)
 Z - a wand of acid (18)
Scrolls
 f - a scroll of blinking
 j - 21 scrolls of teleportation
 n - 30 scrolls of remove curse
 p - a scroll of silence
 t - 9 scrolls of fear
 w - 14 scrolls of identify
 D - 5 scrolls of immolation
 M - 2 scrolls of torment
 R - 3 scrolls of vulnerability
 W - 5 scrolls of enchant weapon
 X - 4 scrolls of holy word
 Y - 2 scrolls of fog
Potions
 e - 5 potions of magic
 i - 7 potions of lignification
 k - 6 potions of degeneration
 q - 3 potions of heal wounds
 z - 12 potions of curing
 A - 4 potions of ambrosia
 F - 11 potions of flight
 G - a potion of cancellation
 K - a potion of mutation
 L - 3 potions of resistance
 P - a potion of invisibility
Miscellaneous
 l - 2 boxes of beasts
 o - 4 sacks of spiders
Comestibles
 x - 10 rations


   Skills:
 + Level 18.5 Fighting
 + Level 17.7 Short Blades
 + Level 17.7 Long Blades
 + Level 17.7 Axes
 + Level 18.5 Maces & Flails
 + Level 17.7 Polearms
 + Level 17.7 Staves
 + Level 17.7 Slings
 + Level 17.7 Bows
 + Level 17.7 Crossbows
 + Level 17.7 Throwing
 + Level 18.1 Armour
 + Level 18.1 Dodging
 + Level 17.7 Stealth
 + Level 17.7 Shields
 + Level 17.7 Unarmed Combat
 + Level 17.7 Spellcasting
 + Level 15.2 Conjurations
 + Level 15.2 Hexes
 + Level 15.2 Charms
 + Level 15.2 Summonings
 + Level 15.2 Necromancy
 + Level 15.2 Translocations
 + Level 15.2 Transmutations
 + Level 15.2 Fire Magic
 + Level 15.2 Ice Magic
 + Level 15.2 Air Magic
 + Level 15.2 Earth Magic
 + Level 15.2 Poison Magic
 + Level 19.0 Invocations
 + Level 17.7 Evocations


You had 61 spell levels left.
You didn't know any spells.

Dungeon Overview and Level Annotations

Branches:
Dungeon (15/15)            Temple (0/1) D:6            Lair (6/6) D:9
 Shoals (4/4) Lair:2       Spider (4/4) Lair:3          Orc (2/2) D:10
    Elf (2/3) Orc:2        Vaults (5/5) D:13          Crypt (0/3) Vaults:3
 Depths (5/5) D:15            Zot (5/5) Depths:5
  Slime: Lair:5-6

Altars:
Ashenzari
Cheibriados
Dithmenos
Fedhas
Kikubaaqudgha
Nemelex Xobeh
Okawaru
Vehumet
Wu Jian
The Shining One
Beogh

Shops:
D:9 =   D:12 (   Orc:1 %   Orc:2 ?=%%   Elf:2 !   Vaults:1 ?   Vaults:3 *
Vaults:4 !

Portals:
Hell: Depths:1 Depths:2 Depths:3 Depths:4 Depths:5
Abyss: Depths:1 Depths:4 Depths:5
Pandemonium: Depths:3
Ziggurat: Depths:2
Trove: D:14 (give +6 demon whip)

Annotations:
D:3 exclusion: oklob plant
D:12 exclusion: downstairs
Lair:5 exclusion: oklob plant


Innate Abilities, Weirdness & Mutations

Your experience applies equally to all skills.
You have very sharp teeth.
Your uncanny sense of smell can sniff out nearby items.
You have a pair of small horns on your head.
You are partially covered in icy blue scales. (AC +2)
You often lose your temper in combat.
Armour fits poorly on your strangely shaped body.
Your body sometimes deteriorates upon taking damage.


Message History

The profane servitor draws strength from your injuries!
The profane servitor hits you but does no damage.
You enter the shallow water.
Moving in this stuff is going to be slow.
The profane servitor barely misses you.
The profane servitor hits you but does no damage.
The profane servitor hits you with an enchanted whip.
The profane servitor draws strength from your injuries!
The profane servitor closely misses you.
The profane servitor hits you with an enchanted whip!
The profane servitor draws strength from your injuries!
The profane servitor hits you but does no damage.
The profane servitor hits you but does no damage. x4
The profane servitor hits you but does no damage. x2
There is a staircase leading out of the dungeon here.
Unknown command.
The profane servitor completely misses you. x2
The profane servitor barely misses you.
The profane servitor hits you but does no damage.
You have escaped!

#.# #.######....#### #.# #.#
#.#### #.# #.# #.# #.# #.# #.#
########
#.################.......
#...#.#≈≈≈#≈#≈.'.#.######
###.##.≈##≈#≈###...#
#.###≈≈#≈#≈#####.#
#.#.'≈@#≈#≈≈.###.##
#.#)#≈≈A≈###.##.).#####
#...#≈##≈#.#.#..#....[#
#####..##≈≈≈≈....##...###.#
#.......######'#####.## #)#
#.###..#.#.###.# #.####.# #.#
#.........######..>....
#######.#
#..#.##............####
........####.#.##.######.###.#


You could see a profane servitor.

Vanquished Creatures
  6 orbs of fire (Zot:5)
  2 juggernauts (Depths:4)
  8 ancient liches (Zot:5)
  Saint Roka (Depths:1)
  Bai Suzhen (Spider:3)
  A caustic shrike (Depths:4)
  Frederick (Depths:5)
  A Killer Klown (Zot:5)
  4 curse toes
  Nikola (Depths:1)
  5 golden dragons
  4 electric golems
  Arachne (Spider:3)
  16 tentacled monstrosities
  4 quicksilver dragons
  5 liches
  25 Orb Guardians
  An Executioner (D:11)
  7 sphinxes
  5 titans
  Polyphemus (Shoals:2)
  10 death cobs
  Donald (Shoals:1)
  7 tengu reavers
  6 draconian monks
  16 storm dragons
  11 shadow dragons
  2 deep elf sorcerers
  13 frost giants
  12 fire giants
  2 iron dragons
  3 draconian scorchers
  5 draconian knights
  Louise (Elf:1)
  9 vault wardens
  6 emperor scorpions
  5 ghost moths
  An orc warlord (Orc:2)
  Aizul (Shoals:4)
  5 draconian stormcallers
  2 spriggan defenders
  2 deep elf elementalists (Vaults:5)
  4 draconian shifters
  7 draconian annihilators
  16 ironheart preservers
  2 war gargoyles (Vaults:5)
  5 entropy weavers
  9 very ugly things
  A vampire knight (Vaults:3)
  4 deep elf demonologists
  The ghost of amentoraz the Imperceptible, an adept SpEn of Makhleb (Shoals:4)
  10 yellow draconians
  10 spark wasps
  A deep elf annihilator (Vaults:4)
  23 stone giants
  13 black draconians
  15 green draconians
  11 red draconians
  11 purple draconians
  12 white draconians
  A spark wasp (shapeshifter) (Vaults:5)
  2 deep elf death magi
  13 fire dragons
  3 merfolk impalers
  14 ettins
  5 merfolk javelineers
  18 yaktaur captains
  7 jiangshi
  Josephine (D:11)
  6 great orbs of eyes
  2 deep elf high priests (Vaults:5)
  5 hydras
  4 rakshasas
  4 catoblepae
  4 merfolk avatars (Shoals:2)
  26 vault guards
  12 ice dragons
  2 merfolk aquamancers (Shoals:4)
  4 spriggan air magi
  A hell beast (Depths:3)
  65 two-headed ogres
  17 ogre magi
  7 centaur warriors
  7 dancing weapons
  11 deep troll earth magi
  12 deep troll shamans
  7 tengu warriors
  2 death yaks (Shoals:2)
  2 satyrs (Shoals:4)
  4 vampire magi
  4 orc high priests (Orc:2)
  A shock serpent (shapeshifter) (Vaults:3)
  4 spriggans
  Sonja (Lair:3)
  A soul eater (Depths:3)
  3 spriggan berserkers
  3 shadow wraiths
  8 deep elf knights
  4 hell knights (Depths:1)
  A death drake (Zot:4)
  5 iron trolls
  The ghost of MordorOrchid the Magician, a novice GnWn of Wu Jian (D:8)
  7 swamp dragons
  3 glowing orange brains
  3 unseen horrors
  3 flayed ghosts
  10 sea snakes
  4 deep elf archers
  28 deep trolls
  15 orc knights
  18 ironbrand convokers
  11 harpies
  4 wizards
  A phantasmal warrior (Vaults:5)
  33 wolf spiders
  5 necromancers
  An orb spider (shapeshifter) (Vaults:4)
  A wolf spider (shapeshifter) (Depths:3)
  8 orc sorcerers
  7 orb spiders
  33 ugly things
  30 deep elf magi
  15 slime creatures
  20 manticores
  7 fauns
  21 moths of wrath
  9 merfolk sirens
  13 cyclopes
  A moth of wrath (shapeshifter) (Vaults:5)
  An elephant (shapeshifter) (Depths:3)
  18 vault sentinels
  Joseph (D:7)
  4 water nymphs
  A black mamba (shapeshifter) (Vaults:2)
  7 black mambas
  A gargoyle (D:15)
  6 torpor snails
  A rust devil (Depths:3)
  2 centaur skeletons
  4 rime drakes
  12 spiny frogs
  56 yaktaurs
  An efreet (D:15)
  5 komodo dragons
  13 demonic crawlers (Spider:4)
  A tormentor (D:1)
  6 freezing wraiths
  A red devil (Depths:3)
  12 merfolk
  2 tengu conjurers
  7 trolls
  31 jumping spiders
  10 polar bears
  3 meliai (D:10)
  3 wind drakes
  Grinder (D:5)
  16 hornets
  10 snapping turtles
  Prince Ribbit (Lair:3)
  A raiju (Lair:6)
  5 dream sheep (Lair:4)
  33 blink frogs
  13 hippogriffs
  14 tarantellas
  52 redbacks
  Sigmund (D:2)
  7 air elementals
  A shadow (D:13)
  3 vampires (Vaults:3)
  18 water elementals
  A wyvern (D:12)
  38 yaks
  A yak (shapeshifter) (Depths:2)
  4 basilisks
  3 wraiths (D:11)
  A fire elemental (Elf:1)
  A hog (shapeshifter) (Vaults:1)
  Eustachio (D:4)
  3 vampire mosquitoes (D:13)
  3 hungry ghosts
  A human (shapeshifter) (Vaults:5)
  2 steam dragons (Lair:6)
  A basilisk (shapeshifter) (Depths:2)
  Menkaure (D:5)
  10 wargs
  An acid dragon (Lair:6)
  11 water moccasins
  Duvessa (D:5)
  17 hell hounds
  52 orc warriors
  3 swamp drakes (Lair:6)
  6 porcupines
  2 sky beasts
  13 black bears
  An eye of draining (shapeshifter) (Vaults:5)
  4 ice beasts
  4 phantoms
  2 black bears (shapeshifter)
  22 centaurs
  2 necrophages
  19 wolves
  47 ogres
  2 boggarts (Depths:3)
  A big kobold (D:10)
  11 crocodiles
  5 elf zombies (Elf:1)
  Blork the orc (D:5)
  13 bullfrogs
  2 earth elementals
  Dowan (D:5)
  8 scorpions
  9 killer bees
  10 wights
  A howler monkey (D:4)
  5 electric eels
  5 crimson imps
  A bullfrog zombie (D:12)
  A quasit (D:10)
  2 centaur zombies
  5 hounds
  36 orc priests
  2 bullfrog skeletons
  3 jellies
  2 gnoll shamans
  22 orc wizards
  18 worker ants
  5 iguanas
  A killer bee zombie (D:7)
  A hound zombie (D:7)
  2 worker ant zombies
  11 gnolls
  A howler monkey skeleton (D:5)
  An adder (shapeshifter) (Depths:2)
  11 adders
  2 shadow imps
  2 white imps (Vaults:2)
  An ufetubus (Vaults:2)
  An ooze (D:5)
  An adder zombie (D:5)
  An adder skeleton (D:4)
  4 worms
  2 dart slugs
  4 leopard geckos
  98 orcs
  7 bats
  7 giant cockroaches
  4 goblins
  14 hobgoblins
  7 jackals
  20 kobolds
  3 quokkas
  6 frilled lizards
  2 leopard gecko skeletons
  2 quokka skeletons (D:7)
  A quokka zombie (D:5)
  10 rats
  A fungus (Lair:3)
  A plant (Shoals:4)
2053 creatures vanquished.

Vanquished Creatures (collateral kills)
  A storm dragon (Vaults:5)
  3 vault wardens
  2 ironheart preservers
  2 spark wasps (Depths:3)
  An ettin (Vaults:5)
  12 vault guards
  A hydra (Depths:3)
  An ice dragon (Vaults:2)
  2 yaktaur captains
  3 ogre magi (Vaults:1)
  2 two-headed ogres (Vaults:1)
  A deep troll (Vaults:5)
  3 orc knights
  An orb spider (Spider:1)
  An ironbrand convoker (Vaults:1)
  A cyclops (Vaults:1)
  An orc sorcerer (Vaults:5)
  A manticore (Depths:3)
  A vault sentinel (Vaults:1)
  4 yaktaurs (Vaults:5)
  A hippogriff (shapeshifter) (Vaults:1)
  An orc warrior (Vaults:5)
  2 ogres (Vaults:1)
  An orc priest (Vaults:1)
  An orc wizard (Vaults:1)
  3 orcs
53 creatures vanquished.

Vanquished Creatures (others)
  A draconian knight (Zot:4)
  A frost giant (Depths:5)
  A rakshasa (Depths:1)
  A deep troll shaman (Depths:2)
  A cyclops (Shoals:3)
  2 moths of wrath (Zot:5)
  A vault sentinel (Vaults:2)
  A yaktaur (Vaults:1)
  3 ogres
  2 boggarts (Depths:4)
  5 bushes (Shoals:4)
  12 fungi
  73 plants
104 creatures vanquished.

Grand Total: 2210 creatures vanquished

Notes
Turn   | Place    | Note
-------+----------+-------------------------------------------
     0 | D:1      | toffzen the Gnoll Berserker began the quest for the Orb.
     0 | D:1      | Reached XP level 1. HP: 23/23 MP: 1/1
   116 | D:1      | Reached XP level 2. HP: 29/29 MP: 2/2
   617 | D:1      | Reached XP level 3. HP: 35/35 MP: 3/3
   803 | D:1      | Reached ** piety under Trog
  1455 | D:2      | Reached skill level 1 in Invocations
  1516 | D:2      | Reached skill level 1 in Short Blades
  1516 | D:2      | Reached skill level 1 in Long Blades
  1516 | D:2      | Reached skill level 1 in Axes
  1516 | D:2      | Reached skill level 1 in Polearms
  1516 | D:2      | Reached skill level 1 in Staves
  1516 | D:2      | Reached skill level 1 in Slings
  1516 | D:2      | Reached skill level 1 in Bows
  1516 | D:2      | Reached skill level 1 in Crossbows
  1516 | D:2      | Reached skill level 1 in Throwing
  1516 | D:2      | Reached skill level 1 in Stealth
  1516 | D:2      | Reached skill level 1 in Shields
  1516 | D:2      | Reached skill level 1 in Unarmed Combat
  1516 | D:2      | Reached skill level 1 in Spellcasting
  1516 | D:2      | Reached skill level 1 in Evocations
  1620 | D:2      | Reached XP level 4. HP: 41/41 MP: 5/5
  1880 | D:2      | Reached skill level 1 in Conjurations
  1880 | D:2      | Reached skill level 1 in Hexes
  1880 | D:2      | Reached skill level 1 in Charms
  1880 | D:2      | Reached skill level 1 in Summonings
  1880 | D:2      | Reached skill level 1 in Necromancy
  1880 | D:2      | Reached skill level 1 in Translocations
  1880 | D:2      | Reached skill level 1 in Transmutations
  1880 | D:2      | Reached skill level 1 in Fire Magic
  1880 | D:2      | Reached skill level 1 in Ice Magic
  1880 | D:2      | Reached skill level 1 in Air Magic
  1880 | D:2      | Reached skill level 1 in Earth Magic
  1880 | D:2      | Reached skill level 1 in Poison Magic
  1997 | D:2      | Noticed Sigmund
  2006 | D:2      | Killed Sigmund
  2006 | D:2      | Reached skill level 2 in Invocations
  2006 | D:2      | Reached XP level 5. HP: 47/47 MP: 5/7
  2006 | D:2      | Reached XP level 6. HP: 53/53 MP: 5/8
  2548 | D:3      | Reached *** piety under Trog
  3021 | D:3      | Found a blossoming altar of Fedhas.
  3041 | D:3      | Noticed an oklob plant
  3297 | D:4      | Reached skill level 5 in Armour
  3297 | D:4      | Reached skill level 5 in Dodging
  3299 | D:4      | Reached XP level 7. HP: 59/59 MP: 8/10
  3477 | D:4      | Noticed Eustachio
  3486 | D:4      | Killed Eustachio
  3888 | D:4      | Found a shattered altar of Ashenzari.
  3923 | D:4      | Reached skill level 3 in Invocations
  4272 | D:4      | Reached XP level 8. HP: 41/67 MP: 12/12
  4536 | D:5      | Entered Level 5 of the Dungeon
  4656 | D:5      | Noticed Blork the orc
  4669 | D:5      | Killed Blork the orc
  5022 | D:5      | Noticed Grinder
  5029 | D:5      | Killed Grinder
  5514 | D:5      | Noticed Menkaure
  5523 | D:5      | Killed Menkaure
  5523 | D:5      | Reached skill level 4 in Invocations
  5759 | D:5      | Noticed Duvessa
  5761 | D:5      | Noticed Dowan
  5767 | D:5      | Killed Dowan
  5767 | D:5      | Reached XP level 9. HP: 72/72 MP: 14/14
  5770 | D:5      | Killed Duvessa
  6153 | D:6      | Found a staircase to the Ecumenical Temple.
  7561 | D:7      | Found a glowing golden altar of the Shining One.
  7735 | D:7      | Noticed Joseph
  7750 | D:7      | Killed Joseph
  7892 | D:7      | Found a shadowy altar of Dithmenos.
  7892 | D:7      | Found a sparkling altar of Nemelex Xobeh.
  7898 | D:7      | Found an iron altar of Okawaru.
  7900 | D:7      | Found a snail-covered altar of Cheibriados.
  7901 | D:7      | Found an ancient bone altar of Kikubaaqudgha.
  8498 | D:8      | Reached skill level 5 in Invocations
  8630 | D:8      | Noticed MordorOrchid's ghost (novice GnWn)
  8646 | D:8      | Killed MordorOrchid's ghost
  8646 | D:8      | Reached XP level 10. HP: 80/80 MP: 17/17
  9259 | D:9      | Noticed a two-headed ogre
  9268 | D:9      | Killed a two-headed ogre
  9268 | D:9      | Reached skill level 5 in Short Blades
  9268 | D:9      | Reached skill level 5 in Long Blades
  9268 | D:9      | Reached skill level 5 in Axes
  9268 | D:9      | Reached skill level 5 in Polearms
  9268 | D:9      | Reached skill level 5 in Staves
  9268 | D:9      | Reached skill level 5 in Slings
  9268 | D:9      | Reached skill level 5 in Bows
  9268 | D:9      | Reached skill level 5 in Crossbows
  9268 | D:9      | Reached skill level 5 in Throwing
  9268 | D:9      | Reached skill level 5 in Stealth
  9268 | D:9      | Reached skill level 5 in Shields
  9268 | D:9      | Reached skill level 5 in Unarmed Combat
  9268 | D:9      | Reached skill level 5 in Spellcasting
  9268 | D:9      | Reached skill level 5 in Evocations
  9618 | D:9      | Found a staircase to the Lair.
  9775 | D:9      | Found Ohyf's Jewellery Emporium.
  9778 | D:9      | Bought a +2 amulet of reflection for 82 gold pieces
  9816 | D:9      | Reached **** piety under Trog
  9988 | D:9      | Found a radiant altar of Vehumet.
  9994 | D:9      | Reached skill level 6 in Invocations
 10379 | D:10     | Entered Level 10 of the Dungeon
 10857 | D:10     | Noticed a two-headed ogre
 10866 | D:10     | Killed a two-headed ogre
 10866 | D:10     | Reached XP level 11. HP: 87/87 MP: 19/19
 11724 | D:10     | Found a staircase to the Orcish Mines.
 12096 | Lair:1   | Entered Level 1 of the Lair of Beasts
 12189 | D:9      | Reached skill level 5 in Conjurations
 12189 | D:9      | Reached skill level 5 in Hexes
 12189 | D:9      | Reached skill level 5 in Charms
 12189 | D:9      | Reached skill level 5 in Summonings
 12189 | D:9      | Reached skill level 5 in Necromancy
 12189 | D:9      | Reached skill level 5 in Translocations
 12189 | D:9      | Reached skill level 5 in Transmutations
 12189 | D:9      | Reached skill level 5 in Fire Magic
 12189 | D:9      | Reached skill level 5 in Ice Magic
 12189 | D:9      | Reached skill level 5 in Air Magic
 12189 | D:9      | Reached skill level 5 in Earth Magic
 12189 | D:9      | Reached skill level 5 in Poison Magic
 13344 | Lair:1   | Reached skill level 7 in Invocations
 14001 | Lair:2   | Received a gift from Trog
 14882 | Lair:2   | Found a snail-covered altar of Cheibriados.
 15199 | Lair:2   | Reached XP level 12. HP: 96/96 MP: 22/22
 15613 | Lair:2   | Found a staircase to the Shoals.
 15920 | Lair:3   | Found a labyrinth entrance.
 15920 | Lair:3   | Found a hole to the Spider Nest.
 16111 | Lair:2   | Reached ***** piety under Trog
 16514 | Lair:3   | Noticed Prince Ribbit
 17206 | Lair:3   | Noticed Sonja
 17371 | D:11     | Noticed Josephine
 17590 | D:11     | Killed Josephine
 17590 | D:11     | Received a gift from Trog
 17894 | D:11     | Reached skill level 8 in Invocations
 17905 | D:11     | Paralysed by a centaur for 5 turns
 18627 | D:11     | Reached skill level 10 in Fighting
 18627 | D:11     | Reached skill level 10 in Maces & Flails
 20069 | D:12     | Reached XP level 13. HP: 103/103 MP: 24/24
 20410 | D:12     | Found Cize's Weapon Shoppe.
 21133 | D:13     | Noticed a vault guard
 21133 | D:13     | Noticed a vault guard
 21134 | D:13     | Noticed a vault guard
 21134 | D:13     | Found a gate to the Vaults.
 21134 | D:13     | Noticed a vault guard
 21134 | D:13     | Noticed a vault guard
 21134 | D:13     | Noticed a vault guard
 21134 | D:13     | Noticed a vault guard
 21135 | D:13     | Noticed a vault guard
 21403 | Orc:1    | Entered Level 1 of the Orcish Mines
 21443 | Orc:1    | Received a gift from Trog
 21846 | Orc:1    | Found Wuegoung's Food Emporium.
 21966 | Orc:1    | Found a dark tunnel.
 22063 | Orc:2    | Entered Level 2 of the Orcish Mines
 23056 | Orc:2    | Received a gift from Trog
 23060 | Orc:2    | Got a shimmering great mace {god gift}
 23063 | Orc:2    | Identified the +11 great mace "Gnoll's Curse" {crush, MR+ Str+4 Dex-2} (Trog gifted it to you on level 2 of the Orcish Mines)
 23076 | Orc:2    | Reached skill level 9 in Invocations
 23779 | Orc:2    | Found a staircase to the Elven Halls.
 24510 | Orc:2    | Noticed an orc warlord
 24535 | Orc:2    | Killed an orc warlord
 24730 | Orc:2    | Found a roughly hewn altar of Beogh.
 24770 | Orc:2    | Found Rarghi's Food Shoppe.
 25054 | Orc:2    | Reached ****** piety under Trog
 25054 | Orc:2    | Received a gift from Trog
 25175 | Orc:2    | Found Plog's Food Emporium.
 25414 | Orc:2    | Reached XP level 14. HP: 87/111 MP: 26/26
 25713 | Orc:2    | Found a roughly hewn altar of Beogh.
 25987 | Orc:2    | Received a gift from Trog
 26103 | Orc:2    | Got a bloodstained falchion {god gift}
 26105 | Orc:2    | Identified the +3 falchion of the Gloaming {slice, Int+2} (Trog gifted it to you on level 2 of the Orcish Mines)
 26156 | Orc:2    | Found Amumyg's Magic Scroll Emporium.
 26287 | Orc:2    | Found Socw's Jewellery Shoppe.
 26299 | Orc:2    | Reached skill level 10 in Armour
 26299 | Orc:2    | Reached skill level 10 in Dodging
 26530 | Orc:2    | Bought the ring "Qykleryll" {rPois rC+ Int+2} for 334 gold pieces
 26752 | Spider:1 | Entered Level 1 of the Spider Nest
 28254 | Lair:4   | Reached skill level 10 in Invocations
 30169 | Lair:5   | Received a gift from Trog
 30614 | Lair:6   | Entered Level 6 of the Lair of Beasts
 31743 | Lair:6   | Reached XP level 15. HP: 119/119 MP: 28/28
 32862 | Lair:6   | Received a gift from Trog
 33731 | Lair:6   | Got a twitching lead ring
 33733 | Lair:6   | Identified the ring of Doors {Str+3 Int+4} (You found it on level 6 of the Lair of Beasts)
 34802 | Lair:3   | Killed Sonja
 34911 | Lair:3   | Killed Prince Ribbit
 35964 | D:12     | Reached skill level 10 in Short Blades
 35964 | D:12     | Reached skill level 10 in Long Blades
 35964 | D:12     | Reached skill level 10 in Axes
 35964 | D:12     | Reached skill level 10 in Polearms
 35964 | D:12     | Reached skill level 10 in Staves
 35964 | D:12     | Reached skill level 10 in Slings
 35964 | D:12     | Reached skill level 10 in Bows
 35964 | D:12     | Reached skill level 10 in Crossbows
 35964 | D:12     | Reached skill level 10 in Throwing
 35964 | D:12     | Reached skill level 10 in Stealth
 35964 | D:12     | Reached skill level 10 in Shields
 35964 | D:12     | Reached skill level 10 in Unarmed Combat
 35964 | D:12     | Reached skill level 10 in Spellcasting
 35964 | D:12     | Reached skill level 10 in Evocations
 37281 | D:13     | Received a gift from Trog
 37610 | D:13     | Reached skill level 11 in Invocations
 37611 | D:13     | Noticed an iron dragon
 37619 | D:13     | Killed an iron dragon
 37921 | D:13     | Identified Itapn's Incunabulum of Orientation
 37930 | D:13     | Got a sparkling jade amulet
 37951 | D:13     | Identified the amulet "Xecw" {Spirit rC++ Str-2 Int+4} (You found it on level 13 of the Dungeon)
 38437 | D:14     | Received a gift from Trog
 38609 | D:14     | Found a portal to a secret trove of treasure.
 38889 | D:15     | Entered Level 15 of the Dungeon
 40415 | D:15     | Reached XP level 16. HP: 116/127 MP: 27/30
 40902 | D:15     | Found a staircase to the Depths.
 41538 | Spider:1 | Identified 2 scrolls of acquirement
 42099 | Spider:2 | Got a pair of jewelled gloves
 42110 | Spider:2 | Identified the +1 pair of gloves of Gluttony {MR+ rCorr MP+9 Str+4} (You acquired it on level 2 of the Spider Nest)
 42692 | Spider:2 | Received a gift from Trog
 44113 | Spider:3 | Noticed Bai Suzhen
 44139 | Spider:3 | Killed Bai Suzhen
 44855 | Spider:3 | Received a gift from Trog
 44856 | Spider:3 | Noticed Arachne
 45751 | Spider:3 | Killed Arachne
 46196 | Spider:3 | Received a gift from Trog
 46631 | Spider:4 | Entered Level 4 of the Spider Nest
 47251 | Spider:4 | Received a gift from Trog
 47251 | Spider:4 | Reached XP level 17. HP: 135/135 MP: 32/32
 47693 | Spider:4 | Reached skill level 12 in Invocations
 48078 | Spider:4 | Paralysed by a hornet for 3 turns
 49437 | Spider:4 | Received a gift from Trog
 49536 | Spider:4 | Got a gossamer rune of Zot
 49707 | Shoals:1 | Entered Level 1 of the Shoals
 49710 | Shoals:1 | Noticed Donald
 49729 | Shoals:1 | Killed Donald
 50810 | Shoals:2 | Noticed Polyphemus
 51541 | Shoals:2 | Killed Polyphemus
 51882 | Shoals:3 | Noticed a kraken
 51927 | Shoals:2 | Reached skill level 10 in Conjurations
 51927 | Shoals:2 | Reached skill level 10 in Hexes
 51927 | Shoals:2 | Reached skill level 10 in Charms
 51927 | Shoals:2 | Reached skill level 10 in Summonings
 51927 | Shoals:2 | Reached skill level 10 in Necromancy
 51927 | Shoals:2 | Reached skill level 10 in Translocations
 51927 | Shoals:2 | Reached skill level 10 in Transmutations
 51927 | Shoals:2 | Reached skill level 10 in Fire Magic
 51927 | Shoals:2 | Reached skill level 10 in Ice Magic
 51927 | Shoals:2 | Reached skill level 10 in Air Magic
 51927 | Shoals:2 | Reached skill level 10 in Earth Magic
 51927 | Shoals:2 | Reached skill level 10 in Poison Magic
 52914 | Shoals:2 | Received a gift from Trog
 52914 | Shoals:2 | Reached XP level 18. HP: 125/143 MP: 33/33
 53085 | Shoals:4 | Entered Level 4 of the Shoals
 54289 | Shoals:4 | Noticed amentoraz's ghost (adept SpEn)
 54306 | Shoals:4 | Killed amentoraz's ghost
 55118 | Shoals:4 | Received a gift from Trog
 55583 | Shoals:4 | Noticed Aizul
 55674 | Shoals:4 | Killed Aizul
 56157 | Shoals:4 | Reached skill level 13 in Invocations
 56242 | Shoals:4 | Got a barnacled rune of Zot
 56490 | Vaults:1 | Entered Level 1 of the Vaults
 57662 | Vaults:1 | Received a gift from Trog
 57905 | Vaults:1 | Received a gift from Trog
 58371 | Vaults:1 | Reached XP level 19. HP: 143/151 MP: 29/35
 58385 | Vaults:1 | Received a gift from Trog
 58623 | Vaults:1 | Found Ossorusa's Magic Scroll Shoppe.
 58658 | Vaults:1 | Bought a scroll of enchant weapon for 127 gold pieces
 58658 | Vaults:1 | Bought a scroll of enchant armour for 127 gold pieces
 60110 | Vaults:2 | Received a gift from Trog
 60316 | Vaults:2 | Received a gift from Trog
 60323 | Vaults:2 | Got a polished fustibalus {god gift}
 60324 | Vaults:2 | Identified the +11 fustibalus "Currucsicki" {freeze, *Corrode Int+7} (Trog gifted it to you on level 2 of the Vaults)
 61848 | Vaults:3 | Received a gift from Trog
 62302 | Vaults:2 | Reached XP level 20. HP: 154/159 MP: 36/36
 62345 | Vaults:3 | Reached skill level 14 in Invocations
 62777 | Vaults:3 | Found Teydan Naosu's Assorted Antiques.
 62785 | Vaults:3 | Bought a potion of haste for 410 gold pieces
 63523 | Vaults:3 | Found a staircase to the Crypt.
 63632 | Vaults:3 | Received a gift from Trog
 64720 | Vaults:4 | Received a gift from Trog
 65832 | Vaults:4 | Found Bamadgh's Distillery.
 65846 | Vaults:4 | Bought a potion of agility for 44 gold pieces
 65846 | Vaults:4 | Bought a potion of heal wounds for 55 gold pieces
 65846 | Vaults:4 | Bought a potion of heal wounds for 55 gold pieces
 65846 | Vaults:4 | Bought a potion of might for 44 gold pieces
 65846 | Vaults:4 | Bought 2 potions of resistance for 220 gold pieces
 65846 | Vaults:4 | Bought a potion of heal wounds for 55 gold pieces
 65846 | Vaults:4 | Bought a potion of haste for 110 gold pieces
 66841 | Elf:1    | Entered Level 1 of the Elven Halls
 67321 | Elf:1    | Received a gift from Trog
 67377 | Elf:1    | Noticed Louise
 67401 | Elf:1    | Killed Louise
 68165 | Elf:2    | Received a gift from Trog
 68557 | Elf:2    | Reached XP level 21. HP: 155/166 MP: 38/38
 68670 | Elf:2    | Found Avazuaw's Distillery.
 68982 | Depths:1 | Entered Level 1 of the Depths
 69204 | Depths:1 | Noticed Nikola
 69507 | Depths:1 | Killed Nikola
 69525 | Depths:1 | Got a pair of bloodstained gloves
 69536 | Depths:1 | Identified the +0 pair of gloves of Dimiell {+Inv rElec} (You took it off Nikola on level 1 of the Depths)
 69866 | Depths:1 | Found a runed door.
 69961 | Depths:1 | Received a gift from Trog
 70598 | Depths:1 | Received a gift from Trog
 70715 | Depths:1 | Reached skill level 15 in Fighting
 70715 | Depths:1 | Reached skill level 15 in Maces & Flails
 71030 | Depths:1 | Found a one-way gate to the infinite horrors of the Abyss.
 71039 | Depths:1 | Noticed Saint Roka
 71083 | Depths:1 | Killed Saint Roka
 71129 | Depths:1 | Received a gift from Trog
 71235 | Depths:1 | Found a gateway to Hell.
 71744 | Depths:1 | Reached skill level 15 in Invocations
 71985 | Depths:1 | Received a gift from Trog
 72140 | Depths:2 | Found a gateway to a ziggurat.
 72893 | Depths:2 | Received a gift from Trog
 73141 | Depths:2 | Reached XP level 22. HP: 170/175 MP: 40/40
 73366 | Depths:2 | Received a gift from Trog
 74628 | Depths:3 | Received a gift from Trog
 75121 | Depths:3 | Identified a +1 pair of boots of running (You found it on level 3 of the Depths)
 75546 | Depths:3 | Reached skill level 15 in Armour
 75546 | Depths:3 | Reached skill level 15 in Dodging
 76095 | Depths:3 | Received a gift from Trog
 76404 | Depths:3 | Received a gift from Trog
 77467 | Depths:3 | Found a one-way gate leading to the halls of Pandemonium.
 77498 | Depths:3 | Received a gift from Trog
 77574 | Depths:3 | Reached XP level 23. HP: 183/183 MP: 39/41
 79031 | Depths:4 | Noticed a caustic shrike
 79570 | Depths:3 | Reached skill level 16 in Invocations
 80151 | Depths:4 | Killed a caustic shrike
 80228 | Depths:4 | Received a gift from Trog
 81355 | Depths:4 | Noticed a juggernaut
 81373 | Depths:4 | Killed a juggernaut
 81373 | Depths:4 | Reached skill level 15 in Short Blades
 81373 | Depths:4 | Reached skill level 15 in Long Blades
 81373 | Depths:4 | Reached skill level 15 in Axes
 81373 | Depths:4 | Reached skill level 15 in Polearms
 81373 | Depths:4 | Reached skill level 15 in Staves
 81373 | Depths:4 | Reached skill level 15 in Slings
 81373 | Depths:4 | Reached skill level 15 in Bows
 81373 | Depths:4 | Reached skill level 15 in Crossbows
 81373 | Depths:4 | Reached skill level 15 in Throwing
 81373 | Depths:4 | Reached skill level 15 in Stealth
 81373 | Depths:4 | Reached skill level 15 in Shields
 81373 | Depths:4 | Reached skill level 15 in Unarmed Combat
 81373 | Depths:4 | Reached skill level 15 in Spellcasting
 81373 | Depths:4 | Reached skill level 15 in Evocations
 81753 | Depths:4 | Got an uncursed translucent morningstar {flame}
 81754 | Depths:4 | Identified the +2 morningstar of Biukuv {flame, rF- Int+6 Dex+3} (You took it off a tengu warrior on level 4 of the Depths)
 82149 | Depths:4 | Noticed a juggernaut
 82161 | Depths:4 | Killed a juggernaut
 82434 | Depths:5 | Entered Level 5 of the Depths
 83206 | Depths:5 | Received a gift from Trog
 84332 | Depths:5 | Reached XP level 24. HP: 187/191 MP: 42/42
 84761 | Depths:5 | Found an ornate altar of the Wu Jian Council.
 85037 | Depths:5 | Found a gate to the Realm of Zot.
 85072 | Depths:5 | Noticed Frederick
 85411 | Vaults:5 | Entered Level 5 of the Vaults
 85569 | Vaults:5 | Received a gift from Trog
 86342 | Vaults:4 | Received a gift from Trog
 86357 | Vaults:4 | Got a warped hand crossbow
 86358 | Vaults:4 | Identified the +11 hand crossbow of Ydol {velocity, rF+ Str+3} (You took it off an ironheart preserver on level 4 of the Vaults)
 87445 | Vaults:5 | Received a gift from Trog
 88926 | Vaults:5 | Reached skill level 17 in Invocations
 89448 | Vaults:5 | Reached XP level 25. HP: 150/200 MP: 42/42
 89663 | Vaults:5 | Got a clouded copper ring
 89742 | Vaults:5 | Found the +9 staff of Wucad Mu {channel}
 89776 | Vaults:5 | Got a silver rune of Zot
 90160 | Zot:1    | Entered Level 1 of the Realm of Zot
 90735 | Zot:1    | Identified the ring of Vyitahi {MR++ Int+4} (You took it off a yaktaur captain on level 5 of the Vaults)
 91696 | Zot:1    | Received a gift from Trog
 93521 | Zot:2    | Received a gift from Trog
 95274 | Zot:3    | Received a gift from Trog
 96122 | Depths:5 | Killed Frederick
 96122 | Depths:5 | Reached XP level 26. HP: 206/206 MP: 43/43
 97967 | Zot:4    | Received a gift from Trog
 98737 | Zot:5    | Entered Level 5 of the Realm of Zot
 98968 | Zot:4    | Reached skill level 18 in Invocations
101375 | Zot:5    | Noticed an ancient lich
101655 | Zot:5    | Noticed an ancient lich
101671 | Zot:5    | Killed an ancient lich
101757 | Zot:5    | Received a gift from Trog
101761 | Zot:5    | Reached XP level 27. HP: 179/217 MP: 40/44
102973 | Zot:5    | Noticed an ancient lich
102975 | Zot:5    | Noticed an ancient lich
102992 | Zot:5    | Killed an ancient lich
103003 | Zot:5    | Killed an ancient lich
103114 | Zot:5    | Noticed an ancient lich
103125 | Zot:5    | Killed an ancient lich
103205 | Zot:5    | Noticed an orb of fire
103249 | Zot:5    | Gained mutation: Scrolls take you a little longer to read. [an orb of fire]
103265 | Zot:5    | Gained mutation: Your magical capacity is low. (-10% MP) [an orb of fire]
103279 | Zot:5    | Killed an orb of fire
103334 | Zot:5    | Noticed an orb of fire
103364 | Zot:5    | Gained mutation: You tend to lose your temper in combat. [an orb of fire]
103372 | Zot:5    | Gained mutation: You are partially covered in iridescent scales. (AC +2) [an orb of fire]
103374 | Zot:5    | Gained mutation: Your body sometimes deteriorates upon taking damage. [an orb of fire]
103374 | Zot:5    | Gained mutation: Your body often deteriorates upon taking damage. [an orb of fire]
103375 | Zot:5    | Killed an orb of fire
103870 | Zot:5    | Noticed an orb of fire
103887 | Zot:5    | Gained mutation: You often lose your temper in combat. [an orb of fire]
103931 | Zot:5    | Killed an orb of fire
103972 | Zot:5    | Noticed an orb of fire
104085 | Zot:5    | Killed an ancient lich
104101 | Zot:5    | Noticed an ancient lich
104110 | Zot:5    | Gained mutation: Armour fits poorly on your strangely shaped body. [an orb of fire]
104126 | Zot:5    | Killed an orb of fire
104126 | Zot:5    | Reached skill level 15 in Conjurations
104126 | Zot:5    | Reached skill level 15 in Hexes
104126 | Zot:5    | Reached skill level 15 in Charms
104126 | Zot:5    | Reached skill level 15 in Summonings
104126 | Zot:5    | Reached skill level 15 in Necromancy
104126 | Zot:5    | Reached skill level 15 in Translocations
104126 | Zot:5    | Reached skill level 15 in Transmutations
104126 | Zot:5    | Reached skill level 15 in Fire Magic
104126 | Zot:5    | Reached skill level 15 in Ice Magic
104126 | Zot:5    | Reached skill level 15 in Air Magic
104126 | Zot:5    | Reached skill level 15 in Earth Magic
104126 | Zot:5    | Reached skill level 15 in Poison Magic
104133 | Zot:5    | Killed an ancient lich
104186 | Zot:5    | Noticed an ancient lich
104198 | Zot:5    | Killed an ancient lich
104331 | Zot:5    | Noticed an ancient lich
104356 | Zot:5    | Killed an ancient lich
104498 | Zot:5    | Noticed an orb of fire
104498 | Zot:5    | Gained mutation: Your magical capacity is very low. (-20% MP) [an orb of fire]
104510 | Zot:5    | Killed an orb of fire
104666 | Zot:5    | Noticed an orb of fire
104687 | Zot:5    | Gained mutation: You are weak. (Str -2) [an orb of fire]
104688 | Zot:5    | Killed an orb of fire
104732 | Zot:5    | Lost mutation: Your body often deteriorates upon taking damage. [potion of mutation]
104732 | Zot:5    | Lost mutation: Your magical capacity is very low. (-20% MP) [potion of mutation]
104732 | Zot:5    | Lost mutation: You are weak. (Str -2) [potion of mutation]
104732 | Zot:5    | Gained mutation: You can translocate small distances at will. [potion of mutation]
104733 | Zot:5    | Lost mutation: Your magical capacity is low. (-10% MP) [potion of mutation]
104733 | Zot:5    | Lost mutation: You are partially covered in iridescent scales. (AC +2) [potion of mutation]
104733 | Zot:5    | Lost mutation: Scrolls take you a little longer to read. [potion of mutation]
104733 | Zot:5    | Lost mutation: You can translocate small distances at will. [potion of mutation]
104733 | Zot:5    | Gained mutation: You are partially covered in icy blue scales. (AC +2) [potion of mutation]
104733 | Zot:5    | Gained mutation: You have a pair of small horns on your head. [potion of mutation]
105258 | Zot:5    | Reached skill level 19 in Invocations
105474 | Zot:5    | Received a gift from Trog
105876 | Zot:5    | Got the Orb of Zot
105915 | Zot:5    | Noticed an ancient lich
106624 | D:$      | Escaped with the Orb!

Skill      XL: |  1  2  3  4  5  6  7  8  9 10 11 12 13 14 15 16 17 18 19 20 21 22 23 24 25 26 27 |
---------------+----------------------------------------------------------------------------------+-----
Invocations    | 1 2 3 4 5 6 7 8 9 10 11 12 13 14 15 16 17 18 19 | 19.0
Short Blades   | 1 2 3 4 5 6 7 8 9 10 11 12 13 14 15 16 17 | 17.7
Long Blades    | 1 2 3 4 5 6 7 8 9 10 11 12 13 14 15 16 17 | 17.7
Axes           | 1 2 3 4 5 6 7 8 9 10 11 12 13 14 15 16 17 | 17.7
Polearms       | 1 2 3 4 5 6 7 8 9 10 11 12 13 14 15 16 17 | 17.7
Staves         | 1 2 3 4 5 6 7 8 9 10 11 12 13 14 15 16 17 | 17.7
Slings         | 1 2 3 4 5 6 7 8 9 10 11 12 13 14 15 16 17 | 17.7
Bows           | 1 2 3 4 5 6 7 8 9 10 11 12 13 14 15 16 17 | 17.7
Crossbows      | 1 2 3 4 5 6 7 8 9 10 11 12 13 14 15 16 17 | 17.7
Throwing       | 1 2 3 4 5 6 7 8 9 10 11 12 13 14 15 16 17 | 17.7
Stealth        | 1 2 3 4 5 6 7 8 9 10 11 12 13 14 15 16 17 | 17.7
Shields        | 1 2 3 4 5 6 7 8 9 10 11 12 13 14 15 16 17 | 17.7
Unarmed Combat | 1 2 3 4 5 6 7 8 9 10 11 12 13 14 15 16 17 | 17.7
Spellcasting   | 1 2 3 4 5 6 7 8 9 10 11 12 13 14 15 16 17 | 17.7
Evocations     | 1 2 3 4 5 6 7 8 9 10 11 12 13 14 15 16 17 | 17.7
Conjurations   | 1 2 3 4 5 6 7 8 9 10 11 12 13 14 15 | 15.2
Hexes          | 1 2 3 4 5 6 7 8 9 10 11 12 13 14 15 | 15.2
Charms         | 1 2 3 4 5 6 7 8 9 10 11 12 13 14 15 | 15.2
Summonings     | 1 2 3 4 5 6 7 8 9 10 11 12 13 14 15 | 15.2
Necromancy     | 1 2 3 4 5 6 7 8 9 10 11 12 13 14 15 | 15.2
Translocations | 1 2 3 4 5 6 7 8 9 10 11 12 13 14 15 | 15.2
Transmutations | 1 2 3 4 5 6 7 8 9 10 11 12 13 14 15 | 15.2
Fire Magic     | 1 2 3 4 5 6 7 8 9 10 11 12 13 14 15 | 15.2
Ice Magic      | 1 2 3 4 5 6 7 8 9 10 11 12 13 14 15 | 15.2
Air Magic      | 1 2 3 4 5 6 7 8 9 10 11 12 13 14 15 | 15.2
Earth Magic    | 1 2 3 4 5 6 7 8 9 10 11 12 13 14 15 | 15.2
Poison Magic   | 1 2 3 4 5 6 7 8 9 10 11 12 13 14 15 | 15.2
Armour         | 5 6 7 8 9 10 11 12 13 14 15 16 17 18 | 18.1
Dodging        | 5 6 7 8 9 10 11 12 13 14 15 16 17 18 | 18.1
Fighting       | 7 8 9 10 11 12 13 14 15 16 17 18 | 18.5
Maces & Flails | 7 8 9 10 11 12 13 14 15 16 17 18 | 18.5

Action                   |  1- 3 |  4- 6 |  7- 9 | 10-12 | 13-15 | 16-18 | 19-21 | 22-24 | 25-27 || total
-------------------------+-------+-------+-------+-------+-------+-------+-------+-------+-------++-------
Melee: Mace              |   104 |     7 |       |       |       |       |       |       |       ||   111
       Bite              |    11 |    10 |    45 |    73 |   178 |   188 |   206 |   280 |   253 ||  1244
       Flail             |       |    67 |   326 |   131 |       |       |       |       |       ||   524
       Punch             |       |       |     6 |    17 |     3 |       |       |       |       ||    26
       War axe           |       |       |       |   261 |       |       |       |       |       ||   261
       Broad axe         |       |       |       |   119 |    57 |       |       |       |       ||   176
       Shortbow          |       |       |       |     1 |       |       |       |       |       ||     1
       Dire flail        |       |       |       |       |   941 |       |       |       |       ||   941
       Great mace        |       |       |       |       |   108 |  1048 |  1062 |  1252 |  1210 ||  4680
       Executioner's axe |       |       |       |       |       |       |       |    52 |       ||    52
       Headbutt          |       |       |       |       |       |       |       |       |    31 ||    31
 Fire: Shortbow          |       |       |    26 |   278 |   717 |    52 |       |       |       ||  1073
       Hand crossbow     |       |       |       |       |    62 |   410 |   547 |   545 |   365 ||  1929
Throw: Stone             |    22 |    27 |   105 |     4 |       |    50 |       |     3 |       ||   211
Invok: Berserk           |     1 |     3 |    10 |    23 |    32 |    19 |    24 |    29 |    27 ||   168
       Trog's Hand       |       |       |     4 |     3 |    11 |     5 |     8 |    16 |    15 ||    62
       Burn Spellbooks   |       |       |     2 |     1 |     3 |       |     3 |     6 |     3 ||    18
       Brothers in Arms  |       |       |       |       |     1 |     3 |     7 |     5 |     1 ||    17
 Abil: Evoke Invisibilit |       |       |       |       |       |       |       |       |     1 ||     1
Evoke: Wand              |       |       |       |       |     5 |     2 |    14 |     4 |     9 ||    34
  Use: Potion            |     4 |       |       |     1 |       |    11 |     6 |    19 |    17 ||    58
       Scroll            |       |     6 |     4 |     3 |     6 |    11 |    10 |    18 |     6 ||    64
 Stab: Distracted        |       |       |       |       |       |     2 |     3 |     4 |     1 ||    10
       Sleeping          |       |       |       |       |       |     1 |       |       |       ||     1
  Eat: Ration            |     1 |     1 |       |     7 |    16 |    14 |     7 |    16 |    23 ||    85
       Chunk             |       |    13 |    27 |    29 |    51 |    29 |    51 |    47 |    10 ||   257
Armor: Animal skin       |    12 |       |       |       |       |       |       |       |       ||    12
       Chain mail        |       |     9 |       |       |       |       |       |       |       ||     9
       Plate armour      |       |    26 |   158 |   353 |   517 |   160 |       |       |       ||  1214
       Storm dragon scal |       |       |       |       |       |   640 |   505 |   949 |       ||  2094
       Gold dragon scale |       |       |       |       |       |       |       |    65 |   929 ||   994
Dodge: Dodged            |    62 |    32 |   126 |   325 |   615 |  1237 |   926 |  1537 |   791 ||  5651
Block: Other             |       |       |       |    28 |    61 |    25 |       |       |       ||   114
       Reflection        |       |       |       |     3 |     2 |     4 |       |       |       ||     9
